 Dungeon Crawl Stone Soup version 0.18-a0-1654-ge73a678 (webtiles) character file.

254 Etesian the Shield-Bearer (level 5, 53/53 HPs)
             Began as a Troll Fighter on Mar 30, 2016.
             Quit the game on level 4 of the Dungeon.
             The game lasted 00:07:15 (2042 turns).

Etesian the Shield-Bearer (Troll Fighter)           Turns: 2042, Time: 00:07:16

Health: 53/53      AC:  6    Str: 25    XL:     5   Next: 90%
Magic:  4/4        EV:  8    Int:  4    God:
Gold:   149        SH:  9    Dex:  9    Spells: 0 memorised, 4 levels left

rFire  . . .     SeeInvis .       - Unarmed
rCold  . . .     Gourm    +     a - +0 robe
rNeg   . . .     Faith    .     b - +0 shield
rPois  .         Spirit   .     (helmet restricted)
rElec  .         Dismiss  .     u - +0 cloak
rCorr  .         Reflect  .     (gloves unavailable)
SustAt .         Harm     .     (boots unavailable)
MR     .....                    r - amulet of magic regeneration
Stlth  +.........               (no ring)
                                (no ring)

@: glowing, not resistant to hostile enchantments, very unstealthy
A: unfitting armour, claws 3, fast metabolism 3, gourmand, regeneration 2,
shaggy fur 1, tough skin 2
a: no special abilities


You were on level 4 of the Dungeon.
You were completely stuffed.

You visited 1 branch of the dungeon, and saw 4 of its levels.

You collected 149 gold pieces.

Inventory:

Missiles
 l - a throwing net (quivered)
Armour
 a - a +0 robe (worn)
 b - a +0 shield (worn)
 u - a +0 cloak (worn)
Jewellery
 r - an amulet of magic regeneration (around neck)
Scrolls
 t - a scroll of teleportation
Potions
 c - a potion of might
 e - a potion of cure mutation {unknown}
 f - a potion of mutation {unknown}
 g - a potion of invisibility {unknown}
 i - 2 potions of curing
 n - 3 potions of flight
 o - 2 potions of ambrosia
 s - a potion of brilliance {unknown}
Comestibles
 d - 4 bread rations
 p - 2 beef jerkies
 q - 3 fruits
 v - a slice of pizza
 w - 10 chunks of flesh


   Skills:
 + Level 3.2 Fighting
 + Level 3.2 Dodging
 * Level 3.8 Shields
 * Level 3.6 Unarmed Combat


You had 4 spell levels left.
You didn't know any spells.

Dungeon Overview and Level Annotations

Branches:
Dungeon (4/15)
 Temple: D:4-7

Altars:
Vehumet

Annotations:
D:4 Dowan, Duvessa


Innate Abilities, Weirdness & Mutations

You are too large for most types of armour.
You have claws for hands.
Your metabolism is lightning-fast.
You like to eat raw meat.
You heal very quickly.
You are covered in fur (AC +1).
You have very tough skin (AC +2).


Message History

You see here a hound corpse.
You butcher the hound corpse.
w - 16 chunks of flesh (gained 3)
You see here a hound skeleton.
Some of the chunks of flesh in your inventory have rotted away.
e - a metallic dark potion
Found 21 arrows.
Duvessa and Dowan come into view.
Dowan shouts!
Found a helmet and 3 fruits.
A hound comes into view.
Dowan gestures at Duvessa while chanting.
Duvessa seems to speed up.
The hound barks!
Dowan whispers, "It won't be long now."
Dowan points at you and mumbles some strange words.
You are outlined in light.
Are you sure you want to abandon this character and quit the game? (Confirm with "yes".)
Okay, then.
Are you sure you want to abandon this character and quit the game? (Confirm with "yes".)

........###.. #. #..#
####..#...... .##%.#
##.....###... .....
.............. #h..#
##...#....##..
#...####.#.##......#
#(.ee.)..#.####.####
.####................###
.......@.##............#
...........>....รท......#
.........##..........###
.#.##....##.........(#
.........##..........# .
[......#####.####.##
........# #..###.#
....##### ##.....# ...
#####.#


You could see Duvessa, Dowan and a hound.

Vanquished Creatures
  A scorpion (D:4)
  A quasit (D:4)
  A hound (D:4)
  An orc priest (D:3)
  An orc wizard (D:3)
  2 adders (D:3)
  An ooze (D:2)
  A worm (D:2)
  A dart slug (D:1)
  A giant gecko (D:1)
  An orc (D:3)
  2 ball pythons (D:1)
  A giant cockroach (D:2)
  6 goblins
  4 hobgoblins
  8 jackals
  A quokka (D:3)
  4 bats
  2 giant newts (D:1)
  12 kobolds
  2 quokka skeletons (D:4)
  4 rats
58 creatures vanquished.

Notes
Turn   | Place    | Note
--------------------------------------------------------------
     0 | D:1      | Etesian the Troll Fighter began the quest for the Orb.
     0 | D:1      | Reached XP level 1. HP: 22/22 MP: 0/0
   178 | D:1      | Reached XP level 2. HP: 29/29 MP: 1/1
   865 | D:2      | Reached XP level 3. HP: 23/36 MP: 2/2
  1586 | D:3      | Found a radiant altar of Vehumet.
  1635 | D:3      | Reached XP level 4. HP: 44/44 MP: 3/3
  1799 | D:3      | Reached XP level 5. HP: 18/53 MP: 4/4
  2039 | D:4      | Noticed Duvessa
  2039 | D:4      | Noticed Dowan
  2042 | D:4      | Quit the game

Vault maps used:
D:1:      elethiomel_arrival_quiet, serial_park_tiny_1
D:2:      kennysheep_generic_room_12
D:3:      fiery_altar_vehumet
D:4:      lemuel_round_altar, nicolae_ru_the_path_less_chosen,
          grunt_ministairs_1, uniq_duvessa

Skill      XL: |  1  2  3  4  5 |
---------------+----------------+-----
Shields        | 3 |  3.8
Fighting       | 3 |  3.2
Unarmed Combat | 3 |  3.6
Dodging        | 3 |  3.2

Action                   |  1- 3 |  4- 6 || total
-------------------------+-------+-------++-------
Melee: Unarmed           |   106 |    54 ||   160
  Use: Scroll            |       |     8 ||     8
  Eat: Chunk             |    20 |     4 ||    24
